 Dungeon Crawl Stone Soup version 0.21.1-1-g345015fe64 (webtiles) character file.

7497 P0ring the Basher (level 10, -45/94 HPs)
             Began as a Minotaur Berserker on Apr 27, 2018.
             Was a High Priest of Trog.
             Killed from afar by a fire giant (57 damage)
             ... with a bolt of fire
             ... on level 10 of the Dungeon.
             The game lasted 00:25:40 (8021 turns).

P0ring the Basher (Minotaur Berserker)              Turns: 8021, Time: 00:25:42

Health: -45/94     AC: 21    Str: 25    XL:     10   Next: 95%
Magic:  9/9        EV:  9    Int:  4    God:    Trog [*****.]
Gold:   325        SH: 14    Dex: 10    Spells: 9/9 levels left

rFire    x . .     SeeInvis .   b - +4 flail (freeze)
rCold    + + .     Gourm    .   A - +0 large shield
rNeg     . . .     Faith    .   m - +1 ice dragon scales
rPois    +         Spirit   .   (helmet restricted)
rElec    .         Reflect  .   q - +2 cloak
rCorr    .         Harm     .   f - +0 pair of gloves
MR       .....                  F - +1 pair of boots
Stlth    +.........             (no amulet)
HPRegen  0.25/turn              g - ring of poison resistance
MPRegen  0.11/turn              y - ring of stealth

@: berserk cooldown, slowed, very slow
A: retaliatory headbutt, horns 2
a: Berserk, Trog's Hand, Brothers in Arms, Burn Spellbooks, Renounce Religion


You were on level 10 of the Dungeon.
You worshipped Trog.
Trog was extremely pleased with you.
You were very hungry.

You visited 1 branch of the dungeon, and saw 10 of its levels.
You also visited: Sewer.

You collected 661 gold pieces.
You spent 336 gold pieces at shops.

Inventory:

Hand Weapons
 b - a +4 flail of freezing (weapon)
 e - a +3 longbow of flaming
 x - a +2 flail of draining
Missiles
 B - 112 arrows
Armour
 f - a +0 pair of gloves (worn)
 k - a +0 pair of boots
 m - +1 ice dragon scales (worn)
 q - a +2 cloak (worn)
 A - a +0 large shield (worn)
 F - a +1 pair of boots (worn)
Jewellery
 g - a ring of poison resistance (left hand)
 y - a ring of stealth (right hand)
 I - a +5 ring of dexterity {unknown}
Wands
 a - a wand of iceblast (10)
 d - a wand of random effects (9)
 j - a wand of paralysis (30)
 r - a wand of acid (16)
 C - a wand of clouds (10)
 H - a wand of disintegration (7)
Scrolls
 i - a scroll of magic mapping
 p - 8 scrolls of remove curse
 v - 3 scrolls of teleportation
 D - 4 scrolls of enchant armour
 E - a scroll of enchant weapon
 K - a scroll of fog {unknown}
 L - 4 scrolls of identify
Potions
 h - 7 potions of curing
 n - 2 potions of heal wounds
 o - a potion of magic
 s - 2 potions of cancellation
 t - a potion of brilliance
 u - 2 potions of flight {unknown}
 w - a potion of agility
 z - a potion of resistance
 G - 2 potions of might {unknown}
 J - 4 potions of haste {unknown}
Books
 M - a Young Poisoner's Handbook

   Spells                             Type                      Level
   a - Sting                          Conjuration/Poison           1
   b - Poisonous Vapours              Poison/Air                   2
   c - Mephitic Cloud                 Conjuration/Poison/Air       3
   d - Olgreb's Toxic Radiance        Poison                       4
   e - Venom Bolt                     Conjuration/Poison           5
   Trog disapproves of the use of such an item.
Comestibles
 c - 21 rations


   Skills:
 + Level 10.5 Fighting
 * Level 11.3 Maces & Flails
 + Level 9.8 Armour
 + Level 9.0 Dodging
 - Level 1.4 Stealth
 * Level 2.4 Shields
 - Level 0.1 Evocations


You had 9 spell levels left.
You didn't know any spells.

Dungeon Overview and Level Annotations

Branches:
Dungeon (10/15)            Temple (0/1) D:6            Lair (0/6) D:8
    Orc: D:9-12

Altars:
Cheibriados
Dithmenos
Fedhas
Gozag
Hepliaklqana
Trog

Shops:
D:4 (!(!   D:5 ?

Annotations:
D:7 1 runed door


Innate Abilities, Weirdness & Mutations

You reflexively headbutt those who attack you in melee.
You have a pair of horns on your head.


Message History

A red film seems to cover your vision as you go berserk!
You feel yourself moving faster!
You feel mighty!
You are feeling very hungry.
The fire giant casts a spell at you. The bolt of fire hits you!
The fire burns you terribly!
You hit the fire giant. You freeze the fire giant.
The fire giant is lightly wounded.
You feel a strong urge to attack something.
There is an open door here.
You feel your anger nearly subside.
You are no longer berserk.
You are exhausted.
You feel yourself slow down.
There is an open door here.
The fire giant gestures at you while chanting.
The fireball explodes!
The fireball engulfs you! The fire burns you terribly!
* * * LOW HITPOINT WARNING * * *
The fire giant casts a spell at you. The bolt of fire hits you!
The fire burns you terribly!
Ouch! That really hurt!
You die...

..#........#.......<..#...######.
..#........#..........+...######.
..#........#..#+#######...##...#.
..#...........#......##...##...#.
..#.....#.#####......#######...#.
..#.....#..###.......#.....#...#.
..#.#................#.....#.[.#.
..#...##########.....#.....#...#.
..#...#..#..#.C'@....#.....#...'.
(.#.=.#..'..'..#.....'.....#...#.
..#...##'#######.....#.....#...#.
..#...#.. #.....#.....#...#.
..#...#.. #.....#.....#####.
#'#...##+ #.#####...........
......# #.................
.)....# #.................
....#.##########.......#.........


You could see a fire giant.

Vanquished Creatures
  2 two-headed ogres
  A komodo dragon (D:8)
  The ghost of ImError the Skirmisher, an amateur DsMo (D:4)
  Grinder (D:6)
  A spriggan (D:7)
  Eustachio (D:4)
  The ghost of dcsswall the Stinger, an amateur NaVM (D:3)
  2 hungry ghosts
  Menkaure (D:6)
  Edmund (D:6)
  A water moccasin (D:9)
  5 sky beasts
  A black bear (D:7)
  5 ice beasts
  4 ogres
  A phantom (D:7)
  3 centaurs
  2 big kobolds (D:7)
  A wyvern zombie (D:8)
  5 bullfrogs
  A gnoll sergeant (D:7)
  A wyvern skeleton (D:10)
  A water moccasin skeleton (D:7)
  11 killer bees (D:10)
  4 howler monkeys
  2 centaur zombies
  7 crimson imps
  A bullfrog zombie (D:7)
  4 hounds
  A jelly (D:10)
  3 orc priests
  Crazy Yiuf (D:3)
  3 centaur skeletons
  7 orc wizards
  An iguana (D:6)
  7 worker ants
  A hound zombie (D:6)
  3 gnolls (D:7)
  18 adders
  2 shadow imps
  6 oozes (Sewer)
  3 adder skeletons
  An adder zombie (D:7)
  4 worms
  4 dart slugs
  14 leopard geckos
  36 orcs
  10 bats
  20 giant cockroaches
  10 goblins
  9 hobgoblins
  15 jackals
  5 quokkas
  13 ball pythons
  19 frilled lizards
  A jackal skeleton (D:4)
  11 kobolds
  A quokka skeleton (D:2)
  A quokka zombie (D:9)
  7 rats
309 creatures vanquished.

Vanquished Creatures (others)
  An orc (D:7)
  4 plants (D:8)
5 creatures vanquished.

Grand Total: 314 creatures vanquished

Notes
Turn   | Place    | Note
-------+----------+-------------------------------------------
     0 | D:1      | P0ring the Minotaur Berserker began the quest for the Orb.
     0 | D:1      | Reached XP level 1. HP: 19/19 MP: 0/0
   100 | D:1      | Reached XP level 2. HP: 26/27 MP: 1/1
   108 | D:1      | Reached skill level 4 in Maces & Flails
   358 | D:1      | Reached XP level 3. HP: 31/33 MP: 2/2
   669 | D:2      | Reached ** piety under Trog
   780 | D:2      | Noticed an ice beast
   791 | D:2      | Killed an ice beast
   791 | D:2      | Reached skill level 5 in Maces & Flails
   791 | D:2      | Reached XP level 4. HP: 41/41 MP: 3/3
   791 | D:2      | Reached XP level 5. HP: 47/47 MP: 4/4
  1114 | D:2      | Found a shadowy altar of Dithmenos.
  1114 | D:2      | Found a bloodstained altar of Trog.
  1253 | D:3      | Noticed dcsswall's ghost (amateur NaVM)
  1268 | D:3      | Killed dcsswall's ghost
  1268 | D:3      | Reached skill level 5 in Fighting
  1268 | D:3      | Reached skill level 6 in Maces & Flails
  1268 | D:3      | Reached skill level 1 in Stealth
  1268 | D:3      | Reached XP level 6. HP: 40/56 MP: 5/5
  1631 | D:3      | Reached *** piety under Trog
  1921 | D:3      | Found a runed door.
  1925 | D:3      | Noticed Crazy Yiuf
  1931 | D:3      | Killed Crazy Yiuf
  2006 | D:4      | Noticed Eustachio
  2013 | D:4      | Killed Eustachio
  2013 | D:4      | Reached skill level 7 in Maces & Flails
  2013 | D:4      | Reached XP level 7. HP: 62/62 MP: 6/6
  2026 | D:4      | Noticed ImError's ghost (amateur DsMo)
  2046 | D:4      | Killed ImError's ghost
  2208 | D:4      | Found a hazy altar of Hepliaklqana.
  2246 | D:4      | Found Jenus's Weapon Boutique.
  2343 | D:4      | Reached skill level 5 in Armour
  2348 | D:4      | Found Mehumak's Weapon Shop.
  2410 | D:4      | Found Esiehoru's Distillery.
  2413 | D:4      | Bought a potion of brilliance for 56 gold pieces
  2413 | D:4      | Bought a potion of curing for 42 gold pieces
  2413 | D:4      | Bought a potion of curing for 42 gold pieces
  2413 | D:4      | Bought a potion of agility for 56 gold pieces
  2413 | D:4      | Bought a potion of resistance for 140 gold pieces
  2574 | D:4      | Found Juucvudu's Distillery.
  2631 | D:4      | Reached XP level 8. HP: 70/71 MP: 7/7
  2741 | D:5      | Entered Level 5 of the Dungeon
  2793 | D:5      | Reached skill level 5 in Dodging
  2810 | D:5      | Reached skill level 8 in Maces & Flails
  3035 | D:5      | Found an opulent altar of Gozag.
  3061 | D:5      | Found Gahishot's Magic Scroll Shop.
  3481 | D:6      | Found a snail-covered altar of Cheibriados.
  3487 | D:6      | Noticed Grinder
  3513 | D:6      | Found a glowing drain.
  3515 | D:6      | Paralysed by Grinder for 2 turns
  3530 | D:6      | Paralysed by Grinder for 4 turns
  3535 | Sewer    | Entered a sewer
  3566 | Sewer    | Reached **** piety under Trog
  4093 | D:6      | Paralysed by Grinder for 4 turns
  4097 | D:6      | Killed Grinder
  4331 | D:6      | Noticed Edmund
  4340 | D:6      | Killed Edmund
  4389 | D:6      | Noticed Menkaure
  4399 | D:6      | Killed Menkaure
  4399 | D:6      | Reached XP level 9. HP: 79/81 MP: 8/8
  4402 | D:6      | Reached ***** piety under Trog
  4462 | D:6      | Reached skill level 9 in Maces & Flails
  4652 | D:6      | Found a staircase to the Ecumenical Temple.
  4759 | D:7      | Received a gift from Trog
  5061 | D:7      | Found a runed door.
  5061 | D:7      | Noticed a sixfirhy
  5377 | D:7      | Found a blossoming altar of Fedhas.
  5377 | D:7      | Found an opulent altar of Gozag.
  5460 | D:8      | Reached skill level 10 in Maces & Flails
  5609 | D:8      | Found a staircase to the Lair.
  5672 | D:8      | Noticed a komodo dragon
  5681 | D:8      | Killed a komodo dragon
  5681 | D:8      | Reached XP level 10. HP: 91/91 MP: 9/9
  5798 | D:8      | Noticed a two-headed ogre
  5810 | D:8      | Killed a two-headed ogre
  6484 | D:9      | Reached skill level 10 in Fighting
  6844 | D:9      | Noticed a two-headed ogre
  6853 | D:9      | Killed a two-headed ogre
  6856 | D:9      | Reached skill level 11 in Maces & Flails
  7018 | D:10     | Entered Level 10 of the Dungeon
  7220 | D:10     | Reached skill level 1 in Shields
  7337 | D:10     | Received a gift from Trog
  7620 | D:10     | Found a runed door.
  8011 | D:10     | Noticed a fire giant
  8021 | D:10     | Killed from afar by a fire giant

Skill      XL: |  1  2  3  4  5  6  7  8  9 10 |
---------------+-------------------------------+-----
Maces & Flails | 4 5 6 7 8 10 11 | 11.3
Fighting       | 4 5 6 7 9 10 | 10.5
Armour         | 3 4 5 6 8 9 |  9.8
Dodging        | 3 4 6 7 9 |  9.0
Stealth        | 1 |  1.4
Shields        | 2 |  2.4
Evocations     | |  0.1

Action                   |  1- 3 |  4- 6 |  7- 9 | 10-12 || total
-------------------------+-------+-------+-------+-------++-------
Melee: Mace              |    87 |    69 |       |       ||   156
       Headbutt          |    11 |    17 |    77 |    33 ||   138
       Flail             |       |    19 |   418 |   182 ||   619
Invok: Berserk           |     1 |     1 |     4 |     4 ||    10
       Burn Spellbooks   |       |       |     1 |       ||     1
Evoke: Wand              |       |     2 |     1 |     1 ||     4
  Use: Scroll            |     3 |     6 |    11 |     1 ||    21
 Stab: Paralysed         |       |     5 |     3 |       ||     8
  Eat: Chunk             |       |     5 |    13 |     6 ||    24
       Ration            |       |       |     1 |     2 ||     3
Armor: Animal skin       |    11 |       |       |       ||    11
       Plate armour      |    33 |       |       |       ||    33
       Ice dragon scales |     6 |    41 |   201 |   102 ||   350
Dodge: Dodged            |    63 |    44 |   141 |    54 ||   302
Block: Large shield      |       |       |   285 |   124 ||   409
